Map: Nightshade LE

Players

TLO - Winner!

  • Race: Zerg Zerg
  • Spawn Location: 11:00

ArT

  • Race: Protoss Protoss
  • Spawn Location: 5:00

Event: IEM Katowice 2020

VOD

Have the link to the VOD?

Description

Time

  • Played on: Feb. 24, 2020, 11:19 a.m.
  • Length: 10:58

All games in this series

Show
View Real Time Build Order
Export as new Build Order

TLO Zerg - Winner!

Build Orders: Hatch First, Swarm Host 

Get SALT Encoding   

  12  0:00  Drone  
  13  0:13  Overlord  
  13  0:17  Drone  
  14  0:31  Drone  
  14  0:32  Drone  
  16  0:49  Hatchery  
  15  0:53  Drone  
  15  0:55  Drone  
  17  0:59  Drone  
  18  1:04  Extractor  
  17  1:14  Spawning Pool  
  16  1:19  Drone  
  16  1:21  Drone  
  18  1:28  Drone  
  19  1:40  Drone  
  20  1:50  Drone  
  21  2:00  Overlord  
  21  2:01  Queen x2  
  21  2:06  Metabolic Boost  
  25  2:10  Zergling x2  
  25  2:13  Drone  
  27  2:17  Drone  
  27  2:22  Drone  
  29  2:25  Drone  
  30  2:38  Hatchery  
  30  2:40  Drone  
  30  2:42  Drone  
  31  2:46  Overlord  
  31  2:53  Queen  
  33  3:00  Overlord  
  33  3:04  Drone  
  34  3:07  Drone  
  34  3:09  Overlord  
  34  3:11  Drone  
  34  3:12  Drone  
  36  3:15  Drone x2  
  36  3:18  Drone  
  39  3:21  Drone  
  39  3:24  Zergling x4  
  42  3:31  Queen  
  44  3:35  Queen  
  44  3:38  Drone  
  44  3:39  Zergling x2  
  48  3:42  Spore Crawler  
  48  3:45  Drone  
  48  3:46  Drone  
  48  3:47  Drone  
  50  3:49  Drone  
  50  3:51  Drone  
  50  3:53  Drone  
  53  3:57  Drone x2  
  53  4:00  Spore Crawler  
  54  4:05  Drone x2  
  57  4:10  Drone  
  57  4:11  Overlord  
  57  4:15  Lair  
  57  4:16  Spore Crawler  
  56  4:19  Drone  
  56  4:23  Roach Warren  
  56  4:25  Extractor  
  56  4:27  Zergling x2, Drone  
  56  4:30  Zergling x4  
  59  4:32  Drone  
  59  4:34  Drone x2  
  59  4:36  Drone  
  63  4:40  Drone  
  63  4:41  Drone x2  
  63  4:42  Extractor  
  63  4:45  Drone x2  
  67  4:46  Drone x2  
  67  4:51  Extractor, Pneumatized Carapace  
  68  4:53  Drone  
  68  4:55  Drone  
  68  4:57  Overlord  
  70  5:00  Zergling x2  
  70  5:02  Overlord  
  71  5:10  Drone  
  71  5:12  Drone  
  71  5:13  Glial Reconstitution  
  71  5:14  Overlord  
  72  5:15  Overlord  
  72  5:17  Roach x2  
  72  5:18  Roach  
  72  5:19  Extractor  
  77  5:22  Roach x2  
  77  5:23  Roach  
  77  5:25  Zergling x2  
  77  5:27  Zergling x2  
  77  5:28  Zergling x2  
  85  5:30  Overlord  
  85  5:34  Roach  
  87  5:36  Roach  
  89  5:43  Roach  
  91  5:50  Roach  
  91  5:53  Roach  
  91  5:54  Roach x6  
  91  5:56  Burrow  
  107  6:02  Roach  
  108  6:04  Roach x2  
  108  6:09  Roach  
  112  6:14  Overlord x2  
  112  6:20  Zergling x4  
  112  6:22  Zergling x2  
  113  6:28  Overlord  
  113  6:31  Zergling x2, Overseer  
  108  6:35  Zergling x2  
  108  6:36  Roach  
  108  6:37  Roach  
  113  6:41  Queen x2  
  113  6:42  Roach x2  
  113  6:43  Drone  
  121  6:52  Roach  
  121  6:54  Roach  
  120  6:55  Roach  
  120  6:57  Roach  
  120  6:58  Roach  
  120  7:00  Roach x2  
  121  7:03  Roach  
  121  7:06  Roach  
  109  7:10  Drone x2  
  109  7:13  Roach  
  102  7:15  Drone  
  102  7:16  Drone  
  102  7:18  Drone  
  102  7:20  Drone  
  102  7:22  Roach  
  105  7:24  Roach, Drone x4  
  105  7:27  Ravager x2  
  105  7:29  Roach  
  115  7:31  Roach  
  115  7:33  Roach  
  115  7:34  Roach  
  119  7:44  Overlord  
  119  7:46  Infestation Pit, Overlord  
  119  7:48  Overlord  
  119  7:50  Extractor  
  119  7:51  Roach, Evolution Chamber  
  118  7:54  Roach  
  118  7:55  Roach  
  118  7:57  Overlord  
  124  7:58  Roach  
  124  8:01  Roach  
  124  8:03  Drone x2  
  128  8:07  Roach  
  130  8:15  Overlord  
  130  8:22  Swarm Host x5  
  145  8:30  Roach  
  145  8:31  Roach  
  148  8:34  Roach x2  
  148  8:38  Swarm Host, Roach  
  148  8:39  Drone  
  148  8:41  Swarm Host  
  158  8:43  Drone  
  158  8:46  Drone x2  
  158  8:47  Drone  
  165  8:50  Roach  
  165  8:54  Overlord  
  165  9:02  Roach  
  167  9:03  Roach  
  167  9:09  Overlord x2  
  169  9:15  Drone  
  169  9:16  Roach, Drone  
  167  9:25  Roach x2  
  167  9:26  Overlord  
  167  9:27  Roach  
  173  9:32  Ravager x4  
  173  9:35  Roach  
  173  9:37  Spine Crawler  
  178  9:50  Roach  
  180  9:56  Drone  
  180  9:57  Drone  
  182  10:02  Roach  
  182  10:04  Zergling x26  
  197  10:15  Overseer, Overlord x2  
  196  10:25  Spine Crawler  
  193  10:33  Roach  
  193  10:34  Roach  
  194  10:36  Roach  
  194  10:37  Roach  
Show
View Real Time Build Order
Export as new Build Order

ArT Protoss 

Build Orders: 1 Gate Expand, Oracle Opening 

Get SALT Encoding   

  12  0:00  Probe  
  13  0:12  Probe  
  14  0:18  Pylon  
  14  0:24  Probe (Chrono Boost)  
  15  0:37  Probe (Chrono Boost)  
  15  0:38  Gateway  
  16  0:45  Probe (Chrono Boost)  
  16  0:46  Assimilator  
  17  0:51  Probe  
  18  1:03  Probe  
  19  1:15  Probe  
  20  1:25  Nexus  
  20  1:36  Cybernetics Core  
  20  1:39  Probe  
  21  1:46  Assimilator  
  21  1:51  Probe  
  22  1:56  Pylon  
  22  2:03  Probe  
  23  2:11  Stalker (Chrono Boost)  
  23  2:15  Warp Gate  
  25  2:16  Probe (Chrono Boost)  
  26  2:25  Probe (Chrono Boost)  
  26  2:28  Stargate  
  27  2:31  Probe (Chrono Boost)  
  27  2:35  Adept  
  30  2:39  Probe (Chrono Boost)  
  32  2:48  Probe x2 (Chrono Boost)  
  33  2:53  Probe  
  33  2:54  Probe  
  35  3:05  Probe  
  35  3:07  Probe  
  35  3:09  Oracle (Chrono Boost)  
  40  3:16  Pylon  
  40  3:17  Probe  
  40  3:19  Probe  
  42  3:21  Gateway  
  42  3:28  Gateway  
  42  3:30  Probe  
  42  3:31  Probe  
  44  3:36  Oracle (Chrono Boost)  
  44  3:39  Assimilator  
  47  3:44  Gateway  
  47  3:46  Probe  
  47  3:47  Probe  
  49  3:51  Pylon  
  49  3:55  Assimilator  
  49  3:58  Probe  
  49  3:59  Probe  
  51  4:06  Oracle (Chrono Boost)  
  51  4:09  Pylon  
  54  4:11  Adept  
  54  4:12  Probe  
  54  4:13  Probe  
  58  4:18  Adept  
  58  4:21  Pylon  
  60  4:25  Adept  
  60  4:31  Probe x2  
  64  4:33  Adept  
  64  4:38  Pylon, Oracle (Chrono Boost)  
  69  4:48  Adept x2  
  73  4:53  Adept  
  73  4:54  Adept  
  77  5:09  Adept x2  
  77  5:13  Pylon  
  81  5:16  Nexus  
  81  5:25  Sentry  
  81  5:26  Sentry  
  85  5:28  Robotics Facility  
  85  5:32  Sentry x2  
  85  5:33  Probe x2  
  91  5:41  Pylon  
  91  5:45  Probe  
  91  5:46  Probe  
  91  5:49  Gateway  
  93  5:53  Gateway  
  93  5:57  Probe  
  93  5:59  Probe  
  93  6:00  Sentry  
  93  6:01  Sentry x2  
  101  6:09  Probe  
  102  6:11  Pylon  
  102  6:14  Pylon  
  102  6:15  Pylon  
  102  6:28  Probe x2, Immortal (Chrono Boost)  
  103  6:33  Probe  
  103  6:35  Pylon  
  103  6:37  Pylon  
  104  6:43  Stalker x3  
  104  6:45  Stalker  
  104  7:00  Immortal (Chrono Boost)  
  94  7:02  Adept  
  94  7:03  Stalker  
  88  7:10  Sentry  
  88  7:11  Sentry x2  
  94  7:22  Nexus  
  94  7:24  Warp Prism (Chrono Boost)  
  96  7:35  Sentry x3  
  96  7:36  Probe x2  
  100  7:44  Pylon  
  100  7:52  Pylon  
  100  7:56  Robotics Bay  
  100  7:59  Probe, Immortal (Chrono Boost)  
  105  8:11  Probe x2, Twilight Council  
  107  8:12  Forge  
  107  8:23  Probe, Pylon  
  107  8:25  Probe  
  109  8:29  Stalker  
  110  8:35  Probe  
  110  8:37  Observer (Chrono Boost)  
  112  8:43  Probe  
  112  8:47  Probe  
  114  8:49  Photon Cannon  
  114  8:50  Shield Battery  
  114  8:52  Photon Cannon, Blink  
  114  8:57  Assimilator x2  
  114  8:59  Photon Cannon  
  114  9:05  Gateway, Observer (Chrono Boost)  
  114  9:06  Gateway  
  115  9:20  Disruptor (Chrono Boost)  
  118  9:25  Nexus  
  118  9:26  Pylon  
  118  9:40  Stalker x5  
  128  9:49  Stalker  
  128  9:52  Disruptor  
  130  10:11  Stalker x3  
  130  10:12  Nexus  
  136  10:16  Stalker  
  136  10:23  Stalker  
  138  10:33  Pylon  
  118  10:43  Stalker  
  118  10:44  Stalker x3  

Tags
 
Add a new tag
Caveats
  • Supply blocks, unpowered buildings, or Contaminate may cause inaccurate times.
  • Supply counts are checked every 10 seconds.